Map: [ESL] Ancient Cistern

Players

marcj (uThermal)

  • Race: Terran Terran
  • League: Master
  • Spawn Location: 7:00

ShoWTimE - Winner!

  • Race: Protoss Protoss
  • League: Grandmaster
  • Spawn Location: 1:00

Event: HomeStory Cup XXIII

VOD

Have the link to the VOD?

Description

Time

  • Played on: July 1, 2023, 11:21 a.m.
  • Length: 7:24

All games in this series

Show
View Real Time Build Order
Export as new Build Order

marcj Terran 

Build Orders:  

Get SALT Encoding   

  12  0:00  SCV  
  13  0:12  SCV  
  14  0:18  Supply Depot  
  14  0:24  SCV  
  15  0:39  SCV  
  15  0:40  Barracks  
  16  0:45  Refinery  
  16  0:51  SCV  
  16  0:55  Refinery  
  17  1:04  SCV  
  18  1:16  SCV  
  19  1:27  Reaper  
  19  1:28  Orbital Command  
  20  1:42  Bunker  
  20  1:47  Factory  
  20  1:53  SCV  
  21  2:00  Barracks Tech Lab, Supply Depot  
  21  2:05  SCV  
  22  2:18  SCV  
  22  2:22  Marauder  
  25  2:23  Concussive Shells  
  25  2:31  Hellion  
  25  2:33  Starport  
  28  2:41  Supply Depot  
  28  2:44  Marauder  
  29  2:52  Hellion  
  31  3:02  Supply Depot  
  31  3:03  SCV  
  31  3:05  Marauder  
  34  3:13  Hellion  
  36  3:26  Marauder  
  36  3:31  Medivac  
  37  3:35  Hellion  
  38  3:47  SCV  
  38  3:48  Marauder  
  39  3:54  Stimpack  
  39  3:57  Hellion  
  39  4:00  Supply Depot  
  41  4:09  Marauder  
  43  4:17  Medivac  
  43  4:19  Hellion  
  43  4:24  Supply Depot  
  47  4:25  SCV  
  47  4:31  Marauder  
  48  4:40  Hellion  
  48  4:45  Armory  
  46  4:57  Marauder  
  46  5:05  Viking  
  46  5:13  Hellion  
  48  5:20  Marauder  
  42  5:35  Hellion  
  40  5:36  Viking  
  40  5:41  Marauder  
  44  5:56  Hellion  
  48  6:06  Viking  
  48  6:13  Command Center  
  38  6:36  Viking  
  38  6:40  Factory Tech Lab  
  38  6:44  Command Center  
  38  6:46  Barracks  
  38  6:49  SCV  
  39  7:01  SCV  
Show
View Real Time Build Order
Export as new Build Order

ShoWTimE Protoss - Winner!

Build Orders: 1 Gate Expand, Oracle Opening 

Get SALT Encoding   

  12  0:00  Probe  
  13  0:12  Probe  
  14  0:17  Pylon  
  14  0:24  Probe  
  15  0:35  Gateway  
  15  0:36  Probe (Chrono Boost)  
  16  0:46  Assimilator, Probe (Chrono Boost)  
  17  0:51  Probe (Chrono Boost)  
  18  1:03  Probe  
  19  1:15  Probe  
  20  1:22  Cybernetics Core  
  20  1:33  Nexus  
  20  1:40  Pylon  
  20  1:43  Probe  
  21  1:48  Assimilator  
  21  1:56  Stalker (Chrono Boost)  
  23  2:03  Probe  
  25  2:15  Probe  
  25  2:18  Stalker (Chrono Boost)  
  26  2:27  Probe  
  27  2:34  Stargate  
  27  2:39  Probe  
  27  2:43  Stalker (Chrono Boost)  
  28  2:49  Probe  
  31  2:52  Warp Gate  
  31  2:55  Probe  
  32  3:03  Shield Battery  
  32  3:06  Probe  
  32  3:11  Probe  
  34  3:21  Stalker (Chrono Boost)  
  32  3:31  Probe  
  32  3:34  Probe  
  32  3:42  Stalker (Chrono Boost)  
  32  3:43  Oracle  
  36  3:53  Probe x2  
  37  4:05  Probe x2  
  39  4:17  Probe  
  39  4:18  Gateway  
  39  4:19  Gateway  
  41  4:30  Void Ray (Chrono Boost)  
  44  4:35  Shield Battery  
  44  4:37  Probe x2  
  46  4:40  Pylon  
  45  4:54  Stalker  
  45  4:57  Probe  
  40  5:09  Void Ray (Chrono Boost)  
  40  5:12  Stalker  
  40  5:13  Probe  
  40  5:23  Zealot  
  40  5:26  Probe  
  40  5:27  Probe  
  42  5:38  Stalker  
  42  5:40  Probe  
  42  5:41  Probe  
  46  5:48  Stalker  
  48  5:52  Probe  
  48  5:56  Stalker  
  51  5:57  Probe  
  51  6:02  Pylon  
  52  6:06  Probe  
  52  6:10  Probe  
  54  6:17  Pylon  
  54  6:20  Probe  
  54  6:22  Stalker  
  53  6:28  Stalker  
  53  6:32  Probe  
  56  6:40  Probe  
  56  6:43  Stalker  
  59  6:47  Probe  
  59  6:51  Stalker  
  59  6:53  Stalker  
  64  6:58  Probe  
  64  6:59  Probe  
  66  7:06  Stalker  
  68  7:14  Pylon  
Tags
 
Add a new tag
Caveats
  • Supply blocks, unpowered buildings, or Contaminate may cause inaccurate times.
  • Supply counts are checked every 10 seconds.